 Dungeon Crawl Stone Soup version 0.20.1-1-g8b1a95d (webtiles) character file.

210 letownia2 the Grave Robber (level 5, -6/42 HPs)
             Began as a Deep Dwarf Necromancer on Nov 4, 2017.
             Was an Initiate of Gozag.
             Killed by nerve-wracking pain
             ... invoked by letownia2's ghost
              (10 damage)
             ... on level 4 of the Dungeon.
             The game lasted 00:06:43 (1985 turns).

letownia2 the Grave Robber (Deep Dwarf Necromancer) Turns: 1985, Time: 00:06:44

Health: -6/42      AC:  6    Str: 11    XL:     5   Next: 57%
Magic:  9/9        EV:  9    Int: 17    God:    Gozag
Gold:   141        SH:  0    Dex: 13    Spells: 6/10 levels left

rFire    . . .     SeeInvis .   a - +0 dagger
rCold    . . .     Gourm    .   (no shield)
rNeg     . . .     Faith    .   m - +0 scale mail
rPois    .         Spirit   .   (no helmet)
rElec    .         Reflect  .   (no cloak)
rCorr    .         Harm     .   (no gloves)
MR       .....                  (no boots)
Stlth    +.........             (no amulet)
Regen    0.0/turn               (no ring)
MPRegen  0.2/turn               (no ring)

@: non-regenerating
A: damage resistance, heal wounds, sense surroundings 1, no regeneration
a: Heal Wounds, Potion Petition, Call Merchant, Bribe Branch, Renounce Religion


You were on level 4 of the Dungeon.
You worshipped Gozag.
Gozag was aware of your devotion.
You were not hungry.

You visited 2 branches of the dungeon, and saw 5 of its levels.

You collected 202 gold pieces.
You paid 61 gold pieces to Gozag.

Inventory:

Hand Weapons
 a - a +0 dagger (weapon)
 o - a +0 hunting sling
Missiles
 f - 10 poisoned needles
 p - 35 sling bullets
Armour
 d - a +0 robe
 m - a +0 scale mail (worn)
Wands
 k - a wand of lightning (11/15)
Scrolls
 e - 2 scrolls of recharging
 g - a scroll of enchant weapon {unknown}
 h - a scroll of remove curse {unknown}
 j - a scroll of identify
 l - 2 scrolls of fear {unknown}
 s - 2 scrolls of random uselessness {unknown}
Potions
 i - a potion of might {unknown}
 n - 2 potions of degeneration {unknown}
 q - a potion of flight {unknown}
 r - a potion of heal wounds {unknown}
 t - a potion of curing {unknown}
Books
 b - a book of Necromancy

   Spells                             Type                      Level
   a - Pain                           Necromancy                   1
   b - Animate Skeleton               Necromancy                   1
   c - Vampiric Draining              Necromancy                   3
   d - Regeneration                   Charms/Necromancy            3
   e - Animate Dead                   Necromancy                   4
   f - Control Undead                 Necromancy                   4
Comestibles
 c - 2 bread rations


   Skills:
 + Level 1.5 Armour
 - Level 2.1 Dodging
 - Level 2.4 Stealth
 - Level 3.2 Spellcasting
 + Level 6.3 Necromancy


You had 6 spell levels left.
You knew the following spells:

 Your Spells              Type           Power        Failure   Level  Hunger
a - Pain                  Necr           ###.         8%          1    None
v - Vampiric Draining     Necr           ###.......   22%         3    ###....


Dungeon Overview and Level Annotations

Branches:
Dungeon (4/15)             Temple (1/1) D:4

Altars:
Ashenzari
Cheibriados
Dithmenos
Gozag
Kikubaaqudgha
Makhleb
Nemelex Xobeh
Qazlal
Ru
Trog
Uskayaw
Yredelemnul

Shops:
D:4 ?

Annotations:
D:3 exclusions: hobgoblin and 1 more exclusion, Grinder; Ib0110's ghost, weakling DsCK
D:4 letownia2's ghost, weakling DDNe


Innate Abilities, Weirdness & Mutations

You are resistant to damage.
You can heal yourself by infusing magical energy.
You passively map a small area around you.
You do not regenerate.


Message History

You now have 141 gold pieces (gained 4).
You see here a flail.
Found a stone staircase leading down.
You eat one of the 3 bread rations.
That bread ration really hit the spot!
You see here a flail.
A phantom comes into view.
Found 13 poisoned needles.
Found an escape hatch in the floor.
t - a murky silvery potion Letownia2's ghost turns its malevolent gaze towards you.
The phantom blinks!
The phantom hits you!
* * * LOW HITPOINT WARNING * * *
Unknown command.
The phantom blinks!
Letownia2's ghost points at you and mumbles some strange words.
You struggle to resist.
Letownia2's ghost points at you and mumbles some strange words.
Pain shoots through your body!
You die...
Your body crumbles into a pile of gold.

#, ,,.....## .. ≈≈ * .. ,
......,S# ≈≈ * * ... ....#..
####.. , ,.... , ?... , ...... ,
* ,, .#..W###$# #.....# *
*#......$.## *... *
..#####...###.# ,* *
###...W...W...# ### ,
#..@#####....## ### , #.###
#.....# ##⌠ * ## , #.# ##..#.#
##. * #. ####W# #..##.# ##⌠
,*######.##...># ##.###.## ###
,,...W...#..#########..###..#####
, * ####W.## ...............# #
##....### ##########.###>###
#..##.....###########.....##.


You could see a phantom and letownia2's ghost.

Vanquished Creatures
  A centaur skeleton (D:4)
  A hound (D:4)
  An orc wizard (D:3)
  Jessica (D:2)
  A worker ant (D:4)
  3 adders (D:4)
  An adder skeleton (D:4)
  A leopard gecko (D:1)
  5 orcs
  4 bats
  5 goblins
  5 hobgoblins
  6 jackals (D:4)
  A quokka (D:4)
  A ball python skeleton (D:4)
  2 frilled lizards (D:2)
  A rat (D:1)
40 creatures vanquished.

Notes
Turn   | Place    | Note
-------+----------+-------------------------------------------
     0 | D:1      | letownia2 the Deep Dwarf Necromancer began the quest for the Orb.
     0 | D:1      | Reached XP level 1. HP: 15/15 MP: 3/3
   303 | D:1      | Reached XP level 2. HP: 22/22 MP: 0/5
   483 | D:2      | Noticed Jessica
   487 | D:2      | Killed Jessica
   487 | D:2      | Reached skill level 5 in Necromancy
   487 | D:2      | Reached XP level 3. HP: 22/28 MP: 1/6
   502 | D:2      | Learned a level 3 spell: Vampiric Draining
   747 | D:3      | Noticed Ib0110's ghost (weakling DsCK)
   747 | D:3      | Found a faded altar of an unknown god.
   865 | D:3      | Found a stormy altar of Qazlal.
   869 | D:3      | Found a shadowy altar of Dithmenos.
   899 | D:3      | Found a snail-covered altar of Cheibriados.
   919 | D:3      | Reached XP level 4. HP: 30/36 MP: 0/7
  1014 | D:3      | Found a sacrificial altar of Ru.
  1084 | D:3      | Noticed Grinder
  1212 | D:3      | Noticed an ogre
  1247 | D:4      | Found Beotekae's Magic Scroll Boutique.
  1343 | D:4      | Found a staircase to the Ecumenical Temple.
  1348 | Temple   | Entered the Ecumenical Temple
  1450 | Temple   | Became a worshipper of Gozag Ym Sagoz the Greedy
  1629 | D:4      | Reached skill level 1 in Armour
  1629 | D:4      | Reached skill level 6 in Necromancy
  1629 | D:4      | Reached XP level 5. HP: 14/42 MP: 2/9
  1758 | D:4      | Noticed letownia2's ghost (weakling DDNe)
  1968 | D:4      | Noticed a phantom
  1985 | D:4      | Killed from afar by letownia2's ghost

Skill      XL: |  1  2  3  4 |
---------------+-------------+-----
Spellcasting   | 2 3 |  3.2
Necromancy     | 5 6 |  6.3
Armour         | 1 |  1.5
Dodging        | |  2.1
Stealth        | |  2.4

Action                   |  1- 3 |  4- 6 || total
-------------------------+-------+-------++-------
Melee: Dagger            |     6 |    46 ||    52
 Cast: Pain              |    35 |    50 ||    85
       Vampiric Draining |     1 |     2 ||     3
Evoke: Wand              |     1 |       ||     1
  Use: Scroll            |     2 |       ||     2
 Stab: Sleeping          |     1 |       ||     1
  Eat: Chunk             |       |     3 ||     3
       Bread ration      |       |     1 ||     1
Armor: Robe              |     6 |     1 ||     7
       Scale mail        |       |    28 ||    28
Dodge: Dodged            |    14 |    43 ||    57
